 Dungeon Crawl Stone Soup version 0.28.0-1-gb440e238dd (webtiles) character file.

Game seed: 17387653757631002552

9177 mcwallace the Skirmisher (level 11, -5/60 HPs)
             Began as a Vine Stalker Fighter on Feb 20, 2022.
             Was an Initiate of Ashenzari.
             Slain by an orc warrior (8 damage)
             ... in a bailey.
             The game lasted 00:19:28 (8552 turns).

mcwallace the Skirmisher (Vine Stalker Fighter)     Turns: 8552, Time: 00:19:29

Health: -5/60      AC: 11    Str: 18    XL:     11   Next: 42%
Magic:  0/23       EV: 10    Int: 12    God:    Ashenzari [......]
Gold:   449        SH:  7    Dex: 21    Spells: 25/25 levels left

rFire   . . .      SeeInvis .   r - +1 hand axe (elec) {axe}
rCold   . . .      Faith    .   c - +0 buckler
rNeg    + . .      Spirit   +   T - +0 chain mail {rPois}
rPois   +          Reflect  .   (no helmet)
rElec   .          Harm     .   (no cloak)
rCorr   .          Rampage  .   f - +0 pair of gloves
Will    +....                   (no boots)
Stlth   ..........              (no amulet)
HPRegen 1.00/turn               J - +6 ring of dexterity
MPRegen 0.18/turn               C - ring of positive energy

@: no status effects
A: fangs 3, regeneration 1, magic shield, antimagic bite, no potion heal 2
a: Renounce Religion, Curse Item


You were in a bailey.
You worshipped Ashenzari.
Ashenzari was noncommittal.
You visited 2 branches of the dungeon, and saw 10 of its levels.
You also visited: Ossuary and Bailey.

You collected 449 gold pieces.


Innate Abilities, Weirdness & Mutations

You have razor-sharp teeth.
Your natural rate of healing is unusually fast.
When hurt, damage is shared between your health and your magic reserves.
Your bite disrupts and absorbs the magic of your enemies.
Potions cannot restore your health.


   Skills:
 + Level 7.8 Fighting
 - Level 2.2 Axes
 + Level 7.1 Armour
 + Level 6.3 Dodging
 + Level 7.7 Shields
 + Level 7.6 Spellcasting


You had 25 spell levels left.
You didn't know any spells.
Your spell library contained the following spells:

 Spells                   Type           Power      Damage    Failure   Level
 Animate Skeleton         Necr           8%         N/A       89%         1
 Beastly Appendage        Tmut           8%         N/A       89%         1
 Pain                     Necr           16%        1d4       89%         1
 Wereblood                Tmut           4%         N/A       96%         2
 Spider Form              Tmut/Pois      4%         N/A       99%         3
 Summon Guardian Golem    Hex/Summ       4%         N/A       99%         3
 Vampiric Draining        Necr           4%         2d6       99%         3
 Orb of Destruction       Conj           2%         9d5       100%        7
 Spellforged Servitor     Conj/Summ      2%         N/A       100%        7

Inventory:

Hand Weapons
 a - a +0 war axe {axe}
 r - a +1 hand axe of electrocution (weapon) {axe}
   (You took it off a kobold on level 2 of the Dungeon)
 V - a +1 trident of venom {polearm}
   (You took it off an orc on level 10 of the Dungeon)
 X - a +3 hand axe {axe}
   (You took it off a goblin in a bailey)
 Y - a +0 broad axe {axe}
   (You took it off an orc warrior in a bailey)
Missiles
 g - 41 sling bullets
 n - 159 stones {throwing}
 u - 21 bolts
 w - 16 poisoned darts {throwing}
 y - 70 arrows
Armour
 c - a +0 buckler (worn)
 f - a +0 pair of gloves (worn)
   (You found it on level 1 of the Dungeon)
 Q - +0 acid dragon scales
   (You found it on level 8 of the Dungeon)
 R - an orb of light
   (You found it on level 8 of the Dungeon)
 T - a +0 chain mail of poison resistance (worn)
   (You found it on level 9 of the Dungeon)
Magical Staves
 z - a staff of poison {!astaff}
   (You found it on level 4 of the Dungeon)
 K - a staff of death {!astaff}
   (You found it on level 5 of the Dungeon)
Jewellery
 k - a ring of resist corrosion
   (You found it on level 1 of the Dungeon)
 C - a ring of positive energy (right hand)
   (You found it on level 5 of the Dungeon)
 J - a +6 ring of dexterity (left hand)
   (You found it on level 5 of the Dungeon)
 L - a ring of flight
   (You found it on level 6 of the Dungeon)
 M - a ring of positive energy
   (You found it on level 6 of the Dungeon)
Wands
 t - a wand of flame (16)
   (You found it on level 3 of the Dungeon)
 A - a wand of polymorph (8)
   (You took it off Ijyb on level 4 of the Dungeon)
 D - a wand of paralysis (4) (quivered)
   (You found it on level 5 of the Dungeon)
 G - a wand of mindburst (16)
   (You found it on level 5 of the Dungeon)
Scrolls
 e - a scroll of noise {unknown}
 h - 3 scrolls of fog
 o - a scroll of teleportation {unknown}
 p - 3 scrolls of torment {!r}
 q - 2 scrolls of amnesia
 s - 4 scrolls of magic mapping {!r}
 B - a scroll of enchant armour {unknown}
 E - 4 scrolls of fear {unknown}
 F - a scroll of brand weapon {unknown}
 N - a scroll of acquirement {unknown}
 P - 2 scrolls of enchant weapon {unknown}
 S - a scroll of immolation {unknown}
 W - a scroll of blinking {unknown}
Potions
 i - 2 potions of curing {@q1}
 j - 5 potions of brilliance {unknown}
 l - a potion of flight {unknown}
 x - a potion of lignification {unknown}
 H - 8 potions of heal wounds {@q2}
 I - 4 potions of ambrosia {unknown}
 O - a potion of attraction {!q}
 U - a potion of invisibility {unknown}

Dungeon Overview and Level Annotations

Branches:
Dungeon (10/15)            Temple (1/1) D:5            Lair (0/6) D:8
    Orc (0/2) D:10        Ossuary (visited)          Bailey (1/1)

Altars:
Ashenzari
Elyvilon
Gozag
Hepliaklqana
Makhleb
Okawaru
Qazlal
Ru
Trog
Uskayaw
Vehumet
Wu Jian
Yredelemnul

Shops:
D:3 *

Annotations:
D:4 Dowan, Duvessa
D:8 exclusions: obsidian statue and orange crystal statue

#∩....⌠.....'...... #.
#..........8#...... #.
#..........8##..... #.
##.........###..... ###
###.....###.###...
###.#
###.#[#.....###.###....
###.oo......###......
#...........#.......
#..@........#...)...
#.....⌠....)#.....⌠.
#...........).......
#...........#.......
##.........###......
###.....### ###....
###.### ###.# ### ###


You could see 2 orc warriors.


Message History

😮 HP[+1] 😮 HP[+1]
You hit the orc warrior.
Lightning courses through the orc warrior!
Your bite misses the orc warrior.
The orc warrior hits you with a +0 war axe.
The orc warrior hits you but does no damage. 😮 HP[-3]
You take 3 damage, and now have 42/60 hp.
You hit the orc warrior but do no damage.
You bite the orc warrior. You drain its power.
You feel invigorated.
You block the orc warrior's attack. x2 😮 HP[+1] MP[+1]
You hit the hobgoblin but do no damage. Your bite misses the hobgoblin.
You hit the orc warrior.
The orc warrior hits you from afar with a +1 trident of venom.
The orc warrior closely misses you.
You block the hobgoblin's attack. 😮 HP[-2] MP[-2]
You take 2 damage, and now have 41/60 hp.
You lost 2 mp, and now have 14/23 mp.
You closely miss the orc warrior. You barely miss the hobgoblin.
The orc warrior hits you from afar with a +1 trident of venom.
You are poisoned.
The orc warrior barely misses you.
You block the hobgoblin's attack. 😮 HP[-3] MP[-2]
You take 3 damage, and now have 38/60 hp.
You lost 2 mp, and now have 12/23 mp.
You hit the orc warrior but do no damage.
Lightning courses through the orc warrior!
You kill the orc warrior!
You barely miss the hobgoblin.
You feel very sick.
The orc warrior hits you from afar with a +1 trident of venom.
You are more poisoned.
You block the hobgoblin's attack.
You block the orc warrior's attack. 😮 HP[-6]
You take 6 damage, and now have 32/60 hp.
You hit the hobgoblin but do no damage.
Lightning courses through the hobgoblin!
You kill the hobgoblin!
You feel very sick.
The orc warrior hits you from afar with a +1 trident of venom.
* * * LOW HITPOINT WARNING * * *
😨 HP[-5]
You take 5 damage, and now have 27/60 hp.
You hit the orc warrior. Your bite misses the orc warrior.
You feel very sick. The orc warrior barely misses you.
The orc warrior hits you from afar with a +1 trident of venom!
* * * LOW HITPOINT WARNING * * *
The orc warrior closely misses you. 😨 HP[-6] MP[-2]
You take 6 damage, and now have 21/60 hp.
You lost 2 mp, and now have 10/23 mp.
You completely miss the orc warrior.
You bite the orc warrior, but do no damage.
You feel very sick.
The orc warrior hits you but does no damage.
You are more poisoned.
You block the orc warrior's attack. 😨 HP[-2]
You take 2 damage, and now have 19/60 hp.
You feel very sick. 😨 HP[-3]
You take 3 damage, and now have 16/60 hp.
You feel very sick. 😱 HP[-2] MP[+1]
You take 2 damage, and now have 14/60 hp.
You feel very sick. 😱 HP[-2]
You take 2 damage, and now have 12/60 hp.
You feel sick. 😱 HP[-1]
You take 1 damage, and now have 11/60 hp.
You feel sick. 😱 HP[-1]
You take 1 damage, and now have 10/60 hp.
You feel sick.
You feel sick.
You feel sick. 😱 MP[+1]
You feel sick.
There is an open door, spattered with blood here.
Items here: ))) [[[.
You feel sick.
The orc warrior hits you with a +0 broad axe.
* * * LOW HITPOINT WARNING * * *
😱 HP[-3] MP[-3]
You take 3 damage, and now have 7/60 hp.
You lost 3 mp, and now have 9/23 mp.
You feel sick.
You are no longer poisoned.
The orc warrior hits you from afar with a +1 trident of venom!
* * * LOW HITPOINT WARNING * * *
The orc warrior barely misses you. 😱 HP[-5] MP[-7]
You take 5 damage, and now have 2/60 hp.
You lost 7 mp, and now have 2/23 mp.
The orc warrior hits you from afar with a +1 trident of venom!
You die...

Skill      XL: |  1  2  3  4  5  6  7  8  9 10 11 |
---------------+----------------------------------+-----
Axes           | 2 |  2.2
Shields        | 3 4 5 6 7 |  7.7
Fighting       | 3 4 5 6 7 |  7.8
Armour         | 3 4 5 6 7 |  7.1
Dodging        | 1 2 3 4 5 6 |  6.3
Spellcasting   | 1 2 3 4 5 7 |  7.6

Action                   |  1- 3 |  4- 6 |  7- 9 | 10-12 || total
-------------------------+-------+-------+-------+-------++-------
Melee: War axe           |    72 |       |       |       ||    72
       Bite              |    20 |    10 |    91 |   121 ||   242
       Hand axe          |    22 |    44 |   274 |   370 ||   710
       Unarmed           |       |     6 |       |       ||     6
Throw: Dart              |       |     2 |       |       ||     2
Evoke: Wand              |       |       |     1 |     4 ||     5
  Use: Scroll            |       |     1 |     5 |       ||     6
       Potion            |       |       |       |     2 ||     2
 Stab: Paralysed         |       |       |     8 |    16 ||    24
Armor: Scale mail        |    28 |       |       |       ||    28
       Chain mail        |    35 |    32 |   215 |    96 ||   378
       Acid dragon scale |       |       |       |    32 ||    32
Dodge: Dodged            |    42 |    21 |   116 |   204 ||   383
Block: Buckler           |    26 |    16 |    87 |   153 ||   282

Levels and vault maps discovered:
D:1:      dpeg_arrival_renting, layout_loops_corners
D:2:      layout_loops_ring, basic_altar
D:3:      layout_basic, serial_shops, nicolae_square_shop
D:4:      layout_gridville, dancing_weapons_uskayaw, minmay_misc_feat_chi,
          uniq_duvessa, uniq_menkaure, uniq_ijyb
D:5:      minmay_spotlight, layout_rooms, minmay_temple_entry_junction,
          gammafunk_ghost_stat_death
D:6:      layout_basic
D:8:      minmay_separated_statues, layout_cave_pods, minmay_lair_entry_grove,
          nicolae_ossuary_entry_monument, uniq_pikel
D:9:      layout_irregular_city, grunt_potential
D:10:     nicolae_cairo_tiling_large, layout_stronghold, david_orc_2,
          enter_bailey_2, enter_trove_3
Temple:   mainiacjoe_temple_hex_bubbles
Bailey:   bailey_axe_minmay_hex_keep, bailey

Notes
Turn   | Place    | Note
-------+----------+-------------------------------------------
     0 | D:1      | mcwallace the Vine Stalker Fighter began the quest for the
                  | Orb.
     0 | D:1      | Reached XP level 1. HP: 11/11 MP: 2/2
     0 | D:1      | magus.rc [v1.9.6]
   170 | D:1      | HP: 1/11 [jackal (2)]
   174 | D:1      | Reached skill level 2 in Axes
   174 | D:1      | Reached XP level 2. HP: 2/16 MP: 0/3
   649 | D:1      | Reached skill level 3 in Shields
  1036 | D:1      | Reached skill level 3 in Fighting
  1036 | D:1      | Reached XP level 3. HP: 20/20 MP: 4/4
  2027 | D:2      | Found a radiant altar of Vehumet.
  2174 | D:3      | Found Liniric's General Store.
  3120 | D:4      | Noticed a phantom
  3125 | D:4      | Killed a phantom
  3126 | D:4      | Reached skill level 3 in Armour
  3126 | D:4      | Reached skill level 1 in Dodging
  3126 | D:4      | Reached skill level 1 in Spellcasting
  3126 | D:4      | Gained mutation: Your natural rate of healing is unusually
                  | fast. [Vine Stalker growth]
  3126 | D:4      | Reached XP level 4. HP: 24/24 MP: 4/6
  3126 | D:4      | Reached XP level 5. HP: 28/28 MP: 4/7
  3189 | D:4      | Noticed a +0 hand axe
  3190 | D:4      | Found a hide-covered altar of Uskayaw.
  3190 | D:4      | Noticed a +0 hand axe
  3196 | D:4      | Noticed a phantom
  3205 | D:4      | Killed a phantom
  3267 | D:4      | Reached XP level 6. HP: 32/32 MP: 9/9
  3399 | D:4      | Noticed Duvessa
  3399 | D:4      | Noticed Dowan
  3560 | D:4      | Noticed Menkaure
  3566 | D:4      | Killed Menkaure
  3567 | D:4      | Reached skill level 2 in Spellcasting
  3847 | D:4      | Noticed Ijyb
  3855 | D:4      | Killed Ijyb
  3909 | D:5      | Entered Level 5 of the Dungeon
  3914 | D:5      | Reached skill level 2 in Dodging
  3917 | D:5      | Reached skill level 4 in Fighting
  3917 | D:5      | Reached skill level 4 in Shields
  3917 | D:5      | Reached XP level 7. HP: 37/37 MP: 11/11
  4034 | D:5      | Reached skill level 3 in Spellcasting
  4037 | D:5      | HP: 8/37 [ogre (11)]
  4082 | D:5      | Reached skill level 4 in Armour
  4101 | D:5      | You pick up a book of Dangerous Friends and begin
                  | reading...
  4101 | D:5      | You add the spells Summon Guardian Golem, Orb of
                  | Destruction and Spellforged Servitor to your library.
  4165 | D:5      | Gained mutation: You have razor-sharp teeth. [Vine Stalker
                  | growth]
  4165 | D:5      | Reached XP level 8. HP: 35/42 MP: 8/14
  4227 | D:5      | Found a staircase to the Ecumenical Temple.
  4236 | Temple   | Entered the Ecumenical Temple
  4356 | Temple   | Became a worshipper of Ashenzari the Shackled
  4458 | D:5      | Found a transporter.
  4469 | D:5      | Noticed spaghetti's ghost (weakling DsDe)
  4609 | D:5      | Found a transporter.
  4615 | D:5      | Reached skill level 3 in Dodging
  4663 | D:5      | Killed spaghetti's ghost
  4733 | D:6      | You pick up a book of Necromancy and begin reading...
  4733 | D:6      | You add the spells Pain, Animate Skeleton and Vampiric
                  | Draining to your library.
  4889 | D:6      | Reached skill level 4 in Spellcasting
  4895 | D:6      | Reached skill level 5 in Shields
  4899 | D:6      | Reached skill level 5 in Fighting
  5038 | D:6      | You fall into a shaft and drop 3 floors!
  5043 | D:9      | Noticed a yak
  5043 | D:9      | Noticed a yak
  5043 | D:9      | Noticed a yak
  5043 | D:9      | Noticed a yak
  5264 | D:8      | Found a sand-covered staircase.
  5279 | Ossuary  | Entered an ossuary
  5310 | Ossuary  | Reached XP level 9. HP: 47/47 MP: 16/16
  5419 | Ossuary  | Reached skill level 5 in Armour
  5538 | D:8      | Noticed Pikel
  5569 | D:8      | Killed Pikel
  5570 | D:8      | Reached skill level 4 in Dodging
  5570 | D:8      | Reached skill level 5 in Spellcasting
  5849 | D:8      | Reached skill level 6 in Fighting
  5849 | D:8      | Reached skill level 6 in Shields
  5894 | D:8      | Reached XP level 10. HP: 49/53 MP: 15/19
  5931 | D:8      | Reached skill level 5 in Dodging
  5931 | D:8      | Reached skill level 6 in Spellcasting
  5980 | D:8      | Found a staircase to the Lair.
  6106 | D:8      | Reached skill level 6 in Armour
  6286 | D:8      | Noticed an orange crystal statue
  6323 | D:8      | Noticed an obsidian statue
  6765 | D:9      | Noticed a brown ugly thing
  6771 | D:9      | Reached skill level 7 in Fighting
  6804 | D:9      | Reached skill level 7 in Shields
  6911 | D:9      | Killed a brown ugly thing
  6912 | D:9      | Reached skill level 7 in Spellcasting
  6945 | D:9      | You pick up a book of Changes and begin reading...
  6945 | D:9      | You add the spells Beastly Appendage, Wereblood and Spider
                  | Form to your library.
  7105 | D:9      | Reached XP level 11. HP: 27/58 MP: 8/22
  7462 | D:9      | Reached skill level 6 in Dodging
  7547 | D:10     | Entered Level 10 of the Dungeon
  7613 | D:10     | Found a staircase to the Orcish Mines.
  7619 | D:10     | Found a flagged portal.
  7630 | Bailey   | Entered a bailey
  7857 | Bailey   | HP: 12/58 [orc warrior (8)]
  7866 | Bailey   | HP: 12/58 [orc warrior (9)]
  7887 | Bailey   | Reached skill level 7 in Armour
  8015 | Bailey   | Noticed an orc knight
  8072 | Bailey   | Killed an orc knight
  8239 | Bailey   | Noticed an orc warlord
  8240 | Bailey   | magus.rc [v1.9.6]
  8313 | Bailey   | HP: 10/60 [orc warlord (16)]
  8320 | Bailey   | HP: 8/60 [orc warlord (9)]
  8542 | Bailey   | HP: 14/60 [poisoned by an orc warrior]
  8547 | Bailey   | HP: 10/60 [poisoned by an orc warrior]
  8551 | Bailey   | HP: 2/60 [orc warrior (5)]
  8552 | Bailey   | Slain by an orc warrior

Vanquished Creatures
  Pikel (D:8)
  An orc knight (Bailey)
  An ugly thing (D:9)
  A hornet (D:9)
  2 wyverns (D:8)
  13 yaks
  2 basilisks (D:8)
  A steam dragon (D:8)
  Menkaure (D:4)
  2 acid dragons (D:8)
  7 water moccasins
  A necrophage (D:8)
  16 orc warriors
  A sky beast (D:6)
  An ice beast (D:5)
  2 ogres (D:5)
  2 centaurs
  3 phantoms
  A kobold brigand (D:8)
  2 elf zombies (Ossuary)
  A wyvern zombie (D:8)
  3 wights (D:9)
  4 killer bees (D:9)
  2 howler monkeys
  4 centaur zombies
  3 quasits (D:5)
  A human zombie (Ossuary)
  3 hounds
  4 orc priests (D:9)
  2 bullfrog skeletons (D:5)
  A centaur skeleton (D:5)
  Ijyb (D:4)
  6 iguanas
  3 orc wizards (D:9)
  2 hound skeletons (D:4)
  2 mummies (Ossuary)
  A howler monkey zombie (D:9)
  7 adders
  5 gnolls (Bailey)
  An adder skeleton (D:4)
  3 adder zombies (Ossuary)
  The ghost of spaghetti the Sneak, a weakling DsDe (D:5)
  A dart slug (D:1)
  23 orcs
  7 endoplasms
  3 giant cockroaches
  15 goblins
  17 hobgoblins
  12 jackals
  8 kobolds
  2 quokkas
  3 ball pythons
  A bat (D:3)
  A frilled lizard (D:2)
  9 hobgoblin zombies (Ossuary)
  A jackal zombie (Ossuary)
  8 kobold zombies (Ossuary)
  10 orc zombies (Ossuary)
  3 rats
  A rat zombie (Ossuary)
246 creatures vanquished.

Vanquished Creatures (others)
  4 fungi (D:8)
  23 plants (D:8)
27 creatures vanquished.

Grand Total: 273 creatures vanquished

Table legend:
 A = Non-vault XP
 B = Vault XP
 C = Vault XP percentage of total XP
 D = Non-vault monster count
 E = Vault monster count
 F = Vault count percentage of total count
                 A         B        C        D         E       F
            +---------+---------+-------+---------+---------+-------
      Total |    4045 |    9066 |  69.1 |     111 |     135 |  54.9
            +---------+---------+-------+---------+---------+-------
        D:1 |      38 |       0 |   0.0 |      20 |       0 |   0.0
        D:2 |      34 |       0 |   0.0 |      12 |       0 |   0.0
        D:3 |       9 |       0 |   0.0 |       6 |       0 |   0.0
        D:4 |     298 |     201 |  40.3 |      16 |       2 |  11.1
        D:5 |     709 |     319 |  31.0 |      18 |       7 |  28.0
        D:6 |     438 |       0 |   0.0 |       6 |       0 |   0.0
        D:8 |    1873 |    2900 |  60.8 |      20 |      14 |  41.2
        D:9 |     646 |    2621 |  80.2 |      13 |      19 |  59.4
       D:10 |       0 |     151 | 100.0 |       0 |       7 | 100.0
    Ossuary |       0 |     402 | 100.0 |       0 |      39 | 100.0
     Bailey |       0 |    2472 | 100.0 |       0 |      47 | 100.0
            +---------+---------+-------+---------+---------+-------

Illustrated notes

Table legend:
 A = Kills in this place as a percentage of kills in entire the game.
 B = Kills by you in this place as a percentage of kills by you in the entire game.
 C = Kills by friends in this place as a percentage of kills by friends in the entire game.
 D = Other kills in this place as a percentage of other kills in the entire game.
 E = Experience gained in this place as a percentage of experience gained in the entire game.
 F = Experience gained in this place divided by the number of levels of this place that you have seen.
                   A       B       C       D       E      F
               +-------+-------+-------+-------+-------+----------------------
         Total | 100.0 | 100.0 |   N/A |   N/A | 100.0 | 1092.6
       Dungeon |  65.0 |  65.0 |   N/A |   N/A |  78.1 | 1137.4
       Ossuary |  15.9 |  15.9 |   N/A |   N/A |   3.1 | 402.0
        Bailey |  19.1 |  19.1 |   N/A |   N/A |  18.9 | 2472.0
               +-------+-------+-------+-------+-------+----------------------

Table legend: (Time is in decaauts)
 A = Elapsed time spent in this place.
 B = Non-inter-level travel time spent in this place.
 C = Inter-level travel time spent in this place.
 D = Time resting spent in this place.
 E = Time spent auto-exploring this place.
 F = Levels seen in this place.
 G = Mean time per level.
                   A        B        C        D        E       F      G
               +--------+--------+--------+--------+--------+-----+--------+
         Total |   8748 |   8391 |    357 |    260 |   5659 |  12 |  729.0 |
       Dungeon |   7375 |   7072 |    303 |    120 |   5253 |   9 |  819.4 |
        Temple |    149 |     95 |     54 |      0 |     91 |   1 |  149.0 |
       Ossuary |    273 |    273 |      0 |      0 |    102 |   1 |  273.0 |
        Bailey |    949 |    949 |      0 |    140 |    213 |   1 |  949.0 |
               +--------+--------+--------+--------+--------+-----+--------+

Top non-repeatable levels by time:
     D:1: 1523 daAuts
     D:8: 1215 daAuts
     D:9: 1117 daAuts
     D:3: 977 daAuts
  Bailey: 949 daAuts
     D:4: 772 daAuts
     D:5: 684 daAuts
     D:2: 679 daAuts
     D:6: 320 daAuts
 Ossuary: 273 daAuts
  Temple: 149 daAuts
    D:10: 85 daAuts
